AoeStats
← Raichu

Black Forest

508916830Analyzed
4v4 RM · 6d ago on Sep 24, 2026· 74m 21s· 8 players
Game mode
Random Map
Map size
Large (8 player)
Population
200
Speed
Normal
Resources
Standard
Victory
Conquest
Starting age
Dark Age
Ending age
Imperial Age
RankedLock teamsTeams togetherTeam positionsShared explorationLock speedFull tech treeHidden civsTurbo modeCheats
Victory
Defeat
🇸🇪 Saracens · Sweden
760
+18
🇩🇪 Teutons · Germany
748
+18
🇷🇺 Poles · Russia
745
+18
🇹🇷 Turks · Türkiye
740
+19
🇨🇳 Jurchens · China
886
-21
🇨🇳 Goths · China
811
-19
🇨🇳 Vietnamese · China
758
-17
🇨🇳 Bohemians · China
738
-16
lovemetiger
0:43 Loom
11:40 Feudal Age
13:04 Wheelbarrow
12:20 Double-Bit Axe
17:00 Horse Collar
17:50 Gold Mining
17:55 Stone Mining
23:42 Castle Age
24:40 Hand Cart
27:26 Heavy Plow
30:19 Bow Saw
30:49 Stone Shaft Mining
30:58 Crossbowman
32:59 Ballistics
33:05 Fletching
37:47 Imperial Age
35:05 Treadmill Crane
36:12 Forging
37:13 Fortified Wall
37:26 Squires
37:12 Arson
37:29 Scale Mail Armor
38:53 Thumb Ring
38:08 Arbalester
39:44 Crop Rotation
40:11 Conscription
39:50 Bodkin Arrow
39:55 Padded Archer Armor
41:11 Chemistry
41:07 Bracer
41:23 Chain Mail Armor
41:05 Capped Ram
42:57 Szlachta Privileges
43:00 Husbandry
43:11 Bloodlines
43:27 Bombard Tower
46:33 Caravan
45:58 Siege Ram
47:21 Iron Casting
47:16 Plate Mail Armor
47:02 Leather Archer Armor
48:34 Lechitic Legacy
49:58 Cavalier
52:14 Hoardings
52:42 Blast Furnace
51:47 Scale Barding Armor
51:37 Light Cavalry
52:23 Town Watch
52:31 Elite Obuch
52:33 Pikeman
54:51 Chain Barding Armor
53:57 Winged Hussar
55:26 Masonry
55:12 Murder Holes
56:37 Onager
60:32 Elite Skirmisher
Raichu
6:04 Loom
11:15 Feudal Age
16:04 Castle Age
15:17 Double-Bit Axe
15:15 Horse Collar
18:39 Gold Mining
24:40 Heavy Plow
24:54 Bow Saw
24:43 Stone Mining
33:59 Imperial Age
31:48 Town Watch
32:41 Wheelbarrow
33:09 Town Patrol
33:54 Coinage
33:25 Caravan
34:59 Hand Cart
36:47 Banking
36:31 Guilds
36:20 Elite Janissary
38:51 Bloodlines
38:41 Husbandry
40:56 Ballistics
40:41 Murder Holes
44:31 Heavy Camel Rider
49:39 Forging
49:19 Fletching
49:30 Padded Archer Armor
49:35 Scale Barding Armor
49:31 Scale Mail Armor
50:39 Artillery
51:00 Sipahi
52:02 Iron Casting
51:22 Bodkin Arrow
Trinitrotoluene
6:04 Loom
12:46 Feudal Age
13:57 Double-Bit Axe
13:55 Horse Collar
19:55 Castle Age
18:55 Scale Mail Armor
19:35 Fletching
21:07 Heavy Plow
21:24 Bow Saw
22:32 Crossbowman
24:45 Pikeman
25:24 Bodkin Arrow
26:59 Gold Mining
27:02 Stone Mining
30:57 Wheelbarrow
31:07 Man-at-Arms
34:20 Imperial Age
32:07 Scale Barding Armor
32:28 Squires
33:28 Bloodlines
33:32 Forging
33:49 Ballistics
35:05 Caravan
35:20 Town Watch
35:47 Bracer
37:09 Conscription
38:04 Chemistry
38:52 Arbalester
39:47 Thumb Ring
41:59 Chain Barding Armor
43:39 Masonry
45:59 Elite Mameluke
46:50 Padded Archer Armor
53:42 Iron Casting
54:01 Light Cavalry
54:42 Husbandry
56:19 Hussar
59:00 Plate Barding Armor
59:26 Blast Furnace
62:50 Long Swordsman
63:17 Gambesons
63:56 Leather Archer Armor
66:30 Elite Skirmisher
jbwermers
1:13 Loom
11:48 Feudal Age
12:23 Double-Bit Axe
12:20 Horse Collar
13:25 Wheelbarrow
15:07 Gold Mining
15:10 Stone Mining
22:53 Castle Age
20:51 Arson
20:53 Man-at-Arms
23:34 Elite Skirmisher
23:37 Pikeman
25:32 Bow Saw
26:17 Caravan
27:46 Squires
27:32 Gambesons
29:18 Heavy Plow
31:11 Hand Cart
34:34 Stone Shaft Mining
36:34 Forging
36:24 Scale Mail Armor
36:25 Padded Archer Armor
36:16 Fletching
36:32 Scale Barding Armor
39:19 Imperial Age
36:16 Long Swordsman
37:09 Bloodlines
38:02 Fortified Wall
37:43 Heated Shot
38:14 Ballistics
38:08 Masonry
39:50 Iron Casting
39:30 Chain Mail Armor
39:31 Leather Archer Armor
39:11 Bodkin Arrow
39:36 Guard Tower
41:09 Two-Man Saw
40:04 Halberdier
40:20 Onager
42:23 Chemistry
41:30 Siege Engineers
41:12 Arrowslits
41:00 Elite Teutonic Knight
42:00 Conscription
43:38 Crop Rotation
43:55 Coinage
43:38 Guilds
44:01 Siege Onager
49:51 Two-Handed Swordsman
51:10 Banking
51:29 Keep
55:48 Blast Furnace
55:19 Plate Mail Armor
55:09 Chain Barding Armor
55:20 Ring Archer Armor
58:00 Ironclad
58:01 Crenellations
57:12 Sappers
58:17 Hoardings
58:05 Capped Ram
61:01 Cavalier
64:29 Plate Barding Armor
76561199674421185
3:45 Loom
12:54 Feudal Age
14:24 Wheelbarrow
13:37 Double-Bit Axe
15:57 Horse Collar
21:46 Castle Age
22:44 Heavy Plow
22:56 Bow Saw
23:03 Hand Cart
23:49 Caravan
24:25 Masonry
24:29 Fortified Wall
25:19 Coinage
35:07 Imperial Age
33:42 Ballistics
33:53 Forging
33:34 Fletching
34:29 Padded Archer Armor
36:53 Two-Man Saw
37:50 Leather Archer Armor
37:56 Guard Tower
39:20 Iron Casting
39:34 Conscription
40:17 Elite Hussite Wagon
41:05 Wagenburg Tactics
40:26 Man-at-Arms
41:53 Ring Archer Armor
41:19 Bodkin Arrow
42:24 Blast Furnace
41:25 Scale Mail Armor
41:32 Scale Barding Armor
41:32 Capped Ram
42:08 Cavalier
42:48 Husbandry
44:05 Chemistry
43:52 Heavy Scorpion
44:09 Light Cavalry
46:28 Guilds
46:51 Banking
47:32 Architecture
47:23 Bombard Tower
48:17 Chain Barding Armor
48:50 Bracer
49:06 Chain Mail Armor
48:49 Arrowslits
48:30 Elite Skirmisher
49:53 Houfnice
51:12 Keep
63:01 Plate Mail Armor
67:41 Murder Holes
183
0:51 Loom
11:18 Feudal Age
11:59 Double-Bit Axe
12:12 Gold Mining
15:51 Wheelbarrow
14:59 Horse Collar
22:37 Castle Age
25:45 Husbandry
25:55 Bloodlines
26:58 Hand Cart
29:47 Caravan
30:18 Coinage
34:17 Imperial Age
32:24 Heavy Plow
32:20 Stone Mining
33:43 Stone Shaft Mining
33:58 Bow Saw
34:18 Forging
34:09 Scale Mail Armor
34:14 Scale Barding Armor
34:26 Treadmill Crane
34:37 Heated Shot
35:07 Ballistics
34:42 Fletching
34:53 Padded Archer Armor
36:31 Crop Rotation
37:05 Two-Man Saw
37:40 Iron Casting
37:21 Chain Mail Armor
39:40 Chemistry
39:03 Chain Barding Armor
38:58 Leather Archer Armor
38:39 Bodkin Arrow
39:09 Arson
39:25 Squires
38:45 Pikeman
38:57 Elite Skirmisher
39:42 Thumb Ring
41:09 Plate Mail Armor
41:13 Chatras
41:33 Paper Money
41:05 Elite Fire Lancer
44:42 Plate Barding Armor
44:38 Ring Archer Armor
44:08 Bracer
43:36 Halberdier
43:37 Man-at-Arms
43:44 Cavalier
43:45 Light Cavalry
43:48 Imperial Skirmisher
47:26 Long Swordsman
47:29 Elite Battle Elephant
47:34 Heavy Cavalry Archer
47:35 Crossbowman
48:55 Caravan
49:26 Coinage
49:06 Guilds
57:03 Banking
58:43 Two-Handed Swordsman
61:00 Champion
DLC
2:25 Loom
14:09 Feudal Age
15:16 Double-Bit Axe
15:54 Horse Collar
20:42 Castle Age
19:04 Stone Mining
20:16 Gold Mining
24:02 Bow Saw
25:12 Wheelbarrow
27:21 Heavy Plow
33:20 Imperial Age
32:30 Pikeman
33:19 Squires
35:04 Crop Rotation
35:36 Two-Man Saw
34:56 Hand Cart
34:50 Scale Barding Armor
36:36 Chemistry
35:59 Conscription
35:41 Fortified Bastions
35:14 Halberdier
37:57 Gold Shaft Mining
37:57 Stone Shaft Mining
39:04 Caravan
39:34 Coinage
39:15 Guilds
39:18 Guilds
38:59 Elite Iron Pagoda
40:46 Banking
40:38 Fletching
40:48 Padded Archer Armor
40:58 Forging
40:48 Scale Mail Armor
40:58 Forging
40:48 Scale Mail Armor
42:12 Fortified Wall
42:08 Siege Engineers
42:14 Masonry
45:00 Architecture
44:25 Murder Holes
45:57 Iron Casting
47:04 Chain Barding Armor
47:44 Blast Furnace
47:00 Chain Mail Armor
47:16 Heavy Rocket Cart
49:48 Fortified Bastions
49:59 Thunderclap Bombs
50:52 Plate Barding Armor
52:11 Elite Skirmisher
53:14 Imperial Skirmisher
55:42 Leather Archer Armor
55:22 Bodkin Arrow
62:19 Ring Archer Armor
61:49 Bracer
65:53 Bloodlines
65:43 Husbandry
65:05 Elite Steppe Lancer
178
5:18 Loom
12:05 Feudal Age
13:08 Horse Collar
14:08 Double-Bit Axe
17:32 Castle Age
19:25 Stone Mining
21:52 Heavy Plow
22:02 Man-at-Arms
23:01 Squires
27:13 Caravan
29:52 Gold Mining
30:46 Scale Mail Armor
30:57 Forging
31:32 Bow Saw
34:51 Imperial Age
33:23 Wheelbarrow
34:15 Forging
34:21 Chain Mail Armor
35:52 Perfusion
35:53 Anarchy
36:15 Conscription
36:29 Crop Rotation
37:57 Iron Casting
37:45 Guilds
37:00 Elite Huskarl
38:24 Sappers
38:37 Treadmill Crane
38:56 Murder Holes
40:10 Blast Furnace
39:43 Fletching
40:32 Masonry
40:51 Hand Cart
41:43 Two-Man Saw
43:57 Bodkin Arrow
45:46 Husbandry
45:56 Bloodlines
45:51 Bracer
52:13 Stone Shaft Mining
55:52 Architecture
55:43 Ballistics
56:23 Chemistry
61:57 Long Swordsman
63:55 Pikeman
64:54 Halberdier
Connection lost

Rejoining the realm…

Still unreachable

The connection could not be restored.

Session expired

The server has moved on; the page needs a fresh start.